 Dungeon Crawl Stone Soup version 0.25-a0-857-g60a0bcd8b5 (webtiles) character file.

Game seed: 7182245227430468493, levelgen mode: deterministic

284 Error4North the Chopper (level 6, 0/53 HPs)
             Began as a Hill Orc Fighter on Apr 26, 2020.
             Slain by a gnoll
             ... wielding a +0 spear
              (3 damage)
             ... on level 3 of the Dungeon.
             The game lasted 00:05:21 (1856 turns).

Error4North the Chopper (Hill Orc Fighter)          Turns: 1856, Time: 00:05:22

Health: 0/53       AC:  7    Str: 21    XL:     6   Next: 29%
Magic:  6/6        EV:  7    Int:  8    God:
Gold:   147        SH: 10    Dex: 10    Spells: 5/5 levels left

rFire    . . .     SeeInvis .   a - +0 war axe
rCold    . . .     Gourm    .   c - +1 kite shield
rNeg     . . .     Faith    .   b - +0 scale mail
rPois    .         Spirit   .   (no helmet)
rElec    .         Reflect  .   (no cloak)
rCorr    .         Harm     +   (no gloves)
MR       .....     Rnd*Tele +   (no boots)
Stlth    ..........             h - amulet of harm
HPRegen  0.17/turn              j - ring of teleportation (curse)
MPRegen  0.10/turn              (no ring)

@: no status effects
A: no striking features
a: no special abilities


You were on level 3 of the Dungeon.
You were not hungry.

You visited 1 branch of the dungeon, and saw 3 of its levels.

You collected 147 gold pieces.

Inventory:

Hand Weapons
 a - a +0 war axe (weapon)
Armour
 b - a +0 scale mail (worn)
 c - a +1 kite shield (worn)
Jewellery
 h - an amulet of harm (around neck)
 j - a cursed ring of teleportation (left hand)
 p - an uncursed amulet of faith
Scrolls
 m - a scroll of noise {unknown}
 q - a scroll of amnesia {unknown}
Potions
 d - 3 potions of might
 i - a potion of heal wounds {unknown}
 l - 2 potions of lignification {unknown}
 r - a potion of curing {unknown}
Comestibles
 f - 4 rations
 n - a chunk of flesh


   Skills:
 * Level 4.6 Fighting
 + Level 5.0 Axes
 * Level 4.8 Armour
 + Level 0.5 Dodging
 * Level 4.6 Shields


You had 5 spell levels left.
You didn't know any spells.
Your spell library was empty.

Dungeon Overview and Level Annotations

Branches:
Dungeon (3/15)

Altars:
Fedhas
Gozag
Qazlal


Message History

The gnoll hits you from afar with a +0 spear!
* * * LOW HITPOINT WARNING * * *
It was a potion of magic.
Magic courses through your body. You block the gnoll's attack.
The gnoll hits you.
* * * LOW HITPOINT WARNING * * *
The gnoll closely misses you.
Okay, then.
As you read the scroll labeled TUAZXITE YDAENN, it crumbles to dust.
It is a scroll of identify.
p - an uncursed amulet of faith The gnoll hits you but does no damage.
The gnoll barely misses you. The gnoll closely misses you.
As you read the scroll labeled HOEFAI ZASIA, it crumbles to dust.
It is a scroll of enchant armour.
Your +0 kite shield glows green for a moment.
The gnoll barely misses you. x2; The gnoll hits you but does no damage.
As you read the scroll labeled QALAAS ORCHEUWN, it crumbles to dust.
The scroll dissolves into smoke.
It was a scroll of fog.
The gnoll hits you with a +0 spear.
You die...

...# #............# ...#
#............# ...#
#............#
...#########............###
K..........'.....).........
.######.####............###
..# #.# ##...§g......# #.#
#.# #..§gg§.''### ..
#.#####.§§@§..#.# #.#
#.#......§§§....# # .#
#.#.......§.##..# . $##
#.#..............# g .#
......####.#...### . .#
...... #.##### .##.#.....
#.# ......... ..# .<.......
###


You could see 3 gnolls.

Vanquished Creatures
  Sigmund (D:2)
  Jessica (D:2)
  2 adders (D:3)
  3 worms (D:2)
  4 dart slugs
  3 leopard geckos (D:2)
  An orc (D:3)
  2 ball pythons
  2 giant cockroaches
  7 goblins
  7 hobgoblins
  9 jackals
  9 kobolds
  A quokka (D:2)
  6 bats
  2 rats
60 creatures vanquished.

Notes
Turn   | Place    | Note
-------+----------+-------------------------------------------
     0 | D:1      | Error4North the Hill Orc Fighter began the quest for the
                  | Orb.
     0 | D:1      | Reached XP level 1. HP: 19/19 MP: 1/1
   366 | D:1      | Reached XP level 2. HP: 20/27 MP: 2/2
   457 | D:1      | Reached skill level 3 in Axes
   555 | D:1      | Reached XP level 3. HP: 33/33 MP: 3/3
  1029 | D:2      | Reached XP level 4. HP: 34/40 MP: 4/4
  1057 | D:2      | Noticed Jessica
  1061 | D:2      | Killed Jessica
  1298 | D:2      | Found a blossoming altar of Fedhas.
  1298 | D:2      | Noticed Sigmund
  1305 | D:2      | Killed Sigmund
  1305 | D:2      | Reached skill level 4 in Axes
  1305 | D:2      | Reached XP level 5. HP: 33/47 MP: 5/5
  1305 | D:2      | Reached XP level 6. HP: 37/53 MP: 6/6
  1307 | D:2      | Found an opulent altar of Gozag.
  1686 | D:2      | Found a stormy altar of Qazlal.
  1798 | D:3      | Reached skill level 5 in Axes
  1856 | D:3      | Slain by a gnoll

Levels and vault maps discovered:
D:1:      kennysheep_arrival_seaside, layout_loops_ring, minmay_pentomino_u4
D:2:      layout_loops_ring, lemuel_coloured_pillars_altar,
          fedhas_ov_isle_minmay, nicolae_gozag_seed_capital, uniq_sigmund,
          uniq_jessica
D:3:      layout_basic, nicolae_overflow_hidden_temple

Skill      XL: |  1  2  3  4  5  6 |
---------------+-------------------+-----
Fighting       | 4 |  4.6
Axes           | 3 4 5 |  5.0
Shields        | 4 |  4.6
Armour         | 4 |  4.8
Dodging        | |  0.5

Action                   |  1- 3 |  4- 6 || total
-------------------------+-------+-------++-------
Melee: War axe           |    85 |    66 ||   151
  Use: Potion            |       |     2 ||     2
       Scroll            |       |     3 ||     3
  Eat: Chunk             |       |     3 ||     3
Armor: Scale mail        |    27 |    32 ||    59
Dodge: Dodged            |    36 |    25 ||    61
Block: Kite shield       |    45 |    34 ||    79

Table legend:
 A = Non-vault XP
 B = Vault XP
 C = Vault XP percentage of total XP
 D = Non-vault monster count
 E = Vault monster count
 F = Vault count percentage of total count
                 A         B        C        D         E       F
            +---------+---------+-------+---------+---------+-------
      Total |     143 |     264 |  64.9 |      54 |       6 |  10.0
            +---------+---------+-------+---------+---------+-------
        D:1 |      39 |       7 |  15.2 |      21 |       4 |  16.0
        D:2 |      64 |     257 |  80.1 |      26 |       2 |   7.1
        D:3 |      40 |       0 |   0.0 |       7 |       0 |   0.0
            +---------+---------+-------+---------+---------+-------
